 Dungeon Crawl Stone Soup version 0.31.0-32-g396128a36d (webtiles) character file.

Game seed: 6044840096432057535

2076 Amymone the Sneak (level 9, 0/64 HPs)
             Began as a Human Enchanter on Mar 14, 2024.
             Was a Priest of Ashenzari.
             Slain by a manticore (6 damage)
             ... on level 6 of the Dungeon.
             The game lasted 00:22:25 (5715 turns).

Amymone the Sneak (Human Enchanter)                 Turns: 5715, Time: 00:22:25

Health: 0/64       AC:  8    Str:  8    XL:     9   Next: 26%
Magic:  15/15      EV: 14    Int: 12    God:    Ashenzari [***...]
Gold:   207        SH:  0    Dex: 16    Spells: 1/16 levels left

rFire   + + +        v - +10 whip "Arcanum" {flame, rF+++ rCorr Int-2 Dex+3}
rCold   + + +        (no shield)
rNeg    . . .        b - +0 robe
rPois   .            q - +1 helmet "Ensconced Annoyance" {Range, Cun} (curse)
rElec   +            p - +0 cloak of the Circumscribed Sage {Will+, Sorc, Elem} (curse)
rCorr   +            n - +2 pair of gloves of the Unyielding Gaze {rElec Stlth+, Sorc, Self} (curse)
SInv    +            (no boots)
Will    +....        (no amulet)
Stlth   ++++         i - ring of the Mage {Wiz Archmagi, Bglg, Sorc} (curse)
HPRegen 0.30/turn    j - ring "Circumscribed With Me" {rC++ Int-3 Slay+3 SInv, Dev, Bglg} (curse)
MPRegen 0.14/turn

%: clarity, wizardry (x1), archmagi
@: mighty
A: explore regen, cold resistance 1, dopey 2, wild magic 1
a: Renounce Religion, Curse Item, Shatter the Chains


You were on level 6 of the Dungeon.
You worshipped Ashenzari.
Ashenzari was most pleased with you.
You visited 1 branch of the dungeon, and saw 6 of its levels.

You collected 207 gold pieces.

Inventory:

Hand Weapons
 g - a +4 double sword of draining
 t - the +1 quarterstaff "Ajarueg" {freeze, rElec Stlth+}
   (You found it on level 4 of the Dungeon)

   rElec:     It insulates you from electricity.
   Stlth+:    It makes you more stealthy.
 v - the +10 whip "Arcanum" (weapon) {flame, rF+++ rCorr Int-2 Dex+3}
   (You found it on level 4 of the Dungeon)

   Int-2:     It affects your intelligence (-2).
   Dex+3:     It affects your dexterity (+3).
   rF+++:     It renders you almost immune to fire.
   rCorr:     It protects you from acid and corrosion.
Missiles
 o - 4 poisoned darts
 s - 5 boomerangs (quivered)
Armour
 b - a +0 robe (worn)
 n - the cursed +2 pair of gloves of the Unyielding Gaze (worn) {rElec Stlth+, Sorc, Self}
   (You acquired it on level 3 of the Dungeon)

   rElec:     It insulates you from electricity.
   Stlth+:    It makes you more stealthy.
   It has a curse which improves the following skills: Sorcery: Conjurations and
   Alchemy.
   Introspection: Fighting and Spellcasting.
 p - the cursed +0 cloak of the Circumscribed Sage (worn) {Will+, Sorc, Elem}
   (You took it off Crazy Yiuf on level 3 of the Dungeon)

   It has a curse which improves the following skills: Sorcery: Conjurations and
   Alchemy.
   Elements:  Fire Magic, Ice Magic, Air Magic and Earth Magic.
 q - the cursed +1 helmet "Ensconced Annoyance" (worn) {Range, Cun}
   (You found it on level 4 of the Dungeon)

   It has a curse which improves the following skills: Ranged Combat: Ranged
   Weapons and Throwing.
   Cunning:   Dodging and Stealth.
Jewellery
 d - a ring of poison resistance
 i - the cursed ring of the Mage (left hand) {Wiz Archmagi, Bglg, Sorc}
   (You acquired it on level 1 of the Dungeon)

   [ring of wizardry]

   Wiz:       It improves your spell success rate.
   Archmagi:  It increases the power of your magical spells.
   It has a curse which improves the following skills: Beguiling: Hexes and
   Translocations.
   Sorcery:   Conjurations and Alchemy.
 j - the cursed ring "Circumscribed With Me" (right hand) {rC++ Int-3 Slay+3 SInv, Dev, Bglg}
   (You acquired it on level 1 of the Dungeon)

   [ring of see invisible]

   Int-3:     It affects your intelligence (-3).
   Slay+3:    It affects your accuracy & damage with ranged weapons and melee
   (+3).
   rC++:      It greatly protects you from cold.
   SInv:      It lets you see invisible.
   It has a curse which improves the following skills: Devices: Evocations and
   Shapeshifting.
   Beguiling: Hexes and Translocations.
 m - a ring of magical power
Wands
 u - a wand of charming (7)
Scrolls
 a - a scroll of torment
 h - a scroll of summoning
 r - a scroll of teleportation
 w - 2 scrolls of revelation
Potions
 c - 4 potions of invisibility
 e - 2 potions of curing
 f - a potion of resistance
 k - 3 potions of heal wounds


   Skills:
 * Level 2.2(3.4) Fighting
 * Level 2.4(3.3) Short Blades
 * Level 3.5(3.9) Long Blades
 * Level 2.2(2.6) Maces & Flails
 * Level 1.7(2.3) Staves
 * Level 3.1(4.4) Throwing
 * Level 2.7 Armour
 * Level 3.2(4.5) Dodging
 * Level 4.5(5.9) Stealth
 * Level 3.0(4.3) Spellcasting
 * Level 1.7(3.8) Conjurations
 * Level 4.3(6.4) Hexes
 * Level 1.8(3.4) Translocations
 * Level 1.8(3.0) Fire Magic
 * Level 2.4(3.6) Ice Magic
 * Level 1.5(2.6) Air Magic
 * Level 1.9(3.1) Earth Magic
 * Level 2.3(4.6) Alchemy
 * Level 1.6(2.7) Evocations
 * Level 1.8(2.9) Shapeshifting


You had one spell level left.
You knew the following spells:

 Your Spells              Type           Power      Damage    Failure   Level
a - Ensorcelled Hibernat  Hex/Ice        56%        N/A       2%          2
b - Tukima's Dance        Hex            35%        N/A       3%          3
c - Confusing Touch       Hex            35%        N/A       3%          3
d - Dazzling Flash        Conj/Hex       58%        N/A       4%          3
e - Ignite Poison         Fire/Alch      22%        N/A       22%         4

Your spell library contained the following spells:

 Spells                   Type           Power      Damage    Failure   Level
 Kiss of Death            Conj/Necr      56%        2d9       6%          1
 Lesser Beckoning         Tloc           42%        N/A       4%          2
 Cigotuvi's Dreadful Rot  Necr/Alch/Air  32%        N/A       7%          2
 Gell's Gravitas          Tloc           21%        N/A       9%          3
 Teleport Other           Tloc           21%        N/A       9%          3
 Passwall                 Erth           19%        N/A       11%         3
 Swiftness                Air            17%        N/A       12%         3
 Anguish                  Hex/Necr       10%        N/A       28%         4
 Fugue of the Fallen      Necr           5%         N/A       32%         3
 Freezing Cloud           Conj/Ice/Air   10%        6-21      56%         5
 Dispel Undead            Necr           5%         3d7       67%         4


Dungeon Overview and Level Annotations

Branches:
Dungeon (6/15)             Temple (0/1) D:5

Altars:
Ashenzari
Ru
Zin
The Shining One


Innate Abilities, Weirdness & Mutations

You regain HP and MP as you explore.
Your flesh is cold resistant. (rC+)
You are very dopey. (Int -4)
Your spells are a little harder to cast, but a little more powerful.


Message History

The orc barely misses you.
The orc wizard hits you but does no damage.
The orc hits you with a +0 war axe.
Items here: ( ))) ††.
You whack the orc wizard! You burn the orc wizard.
You kill the orc wizard!
The orc hits you with a +0 war axe.
Things that are here:
a +0 dagger; a +0 robe; an orc corpse You whack the orc!
You burn the orc.
You kill the orc!
You see here a +0 war axe.
Things that are here:
a +0 dagger; a +0 robe; an orc corpse
s - 5 boomerangs (gained 3)
Items here: ))) ††.
Things that are here:
a +0 club; a +0 leather armour
Things that are here:
a +0 flail; a +0 leather armour; an orc corpse
Things that are here:
a +0 war axe; an orc corpse A manticore comes into view.
Found a +0 short sword.
You barely miss the manticore. The manticore barely misses you.
The manticore claws you. x2
You whack the manticore! You burn the manticore.
The manticore is heavily wounded.
The manticore bites you! The manticore claws you!
The manticore claws you but does no damage.
You hit the manticore. You burn the manticore.
The manticore is heavily wounded.
The manticore barely misses you. The manticore claws you!
The manticore misses you.
You whack the manticore! You burn the manticore.
The manticore is almost dead.
The manticore bites you!
* * * LOW HITPOINT WARNING * * *
The manticore claws you.
You die...

....# #......##.#.#..... #...#
#......##.#.#.#### ....#
#......##+#+#.# .. ....#
#......#).. ..#... ....#
#.###.......... ..#... ....#
#.#............ .^... .#########
#.#............ #... #...#
#.#............ #...
'#####...###.#..@........... ..
.................H...........####
..# #...........................
..# #.....))....................
..# #.................#####+####
..####..)........................
....##.))###+#####...............
.......).# ##+##...........
.......### #.##...........


You could see a manticore.

Vanquished Creatures
  Maggie (D:6)
  Grinder (D:6)
  A water moccasin (D:5)
  2 ice beasts
  2 black bears
  An ogre (D:6)
  A centaur (D:5)
  Blork the orc (D:5)
  A bullfrog (D:5)
  2 scorpions
  2 hounds
  2 bombardier beetles
  An orc priest (D:5)
  A sleepcap (D:4)
  2 iguanas
  5 orc wizards
  8 adders
  3 gnolls (D:3)
  A white imp (D:4)
  4 ufetubi
  5 dart slugs
  20 orcs
  5 bats
  7 endoplasms
  7 giant cockroaches
  4 goblins
  3 hobgoblins
  6 jackals
  A quokka (D:1)
  4 ball pythons
  10 frilled lizards
  14 kobolds
  7 rats
135 creatures vanquished.

Vanquished Creatures (collateral kills)
  An ogre (D:6)
  Crazy Yiuf (D:3)
2 creatures vanquished.

Grand Total: 137 creatures vanquished

Notes
Turn   | Place    | Note
-------+----------+-------------------------------------------
     0 | D:1      | Amymone the Human Enchanter began the quest for the Orb.
     0 | D:1      | Reached XP level 1. HP: 13/13 MP: 3/3
   117 | D:1      | Reached XP level 2. HP: 19/19 MP: 5/5
   120 | D:1      | Learned a level 2 spell: Ensorcelled Hibernation
   726 | D:1      | Reached XP level 3. HP: 24/24 MP: 6/6
   740 | D:1      | Reached skill level 1 in Armour
   972 | D:1      | Learned a level 3 spell: Tukima's Dance
  1133 | D:1      | Identified 3 scrolls of acquirement
  1133 | D:1      | Acquired the ring "Mups" {rC++ Int-3 Slay+3 SInv}
  1136 | D:1      | Acquired a +1 double sword of draining
  1138 | D:1      | Acquired the ring of the Mage {Wiz Archmagi}
  1138 | D:1      | Found the ring of the Mage {Wiz Archmagi}
  1334 | D:2      | You fall into a shaft and drop 1 floor!
  1348 | D:2      | Found a faded altar of an unknown god.
  1361 | D:2      | Prayed at the altar of an unknown god.
  1361 | D:2      | Became a worshipper of Ashenzari the Shackled
  1595 | D:2      | Identified the +6 leather armour of the Comet {-Tele rCorr
                  | Str+8 SInv}
  2020 | D:2      | Reached XP level 4. HP: 31/31 MP: 7/7
  2065 | D:2      | Reached * piety under Ashenzari
  2151 | D:3      | Reached skill level 1 in Long Blades
  2246 | D:3      | Reached XP level 5. HP: 25/36 MP: 5/8
  2255 | D:3      | Learned a level 3 spell: Confusing Touch
  2366 | D:3      | Acquired the +2 pair of gloves of Midsummer {rElec Stlth+}
  2444 | D:3      | Reached ** piety under Ashenzari
  3122 | D:3      | Found a runed translucent door.
  3123 | D:3      | Noticed Crazy Yiuf
  3132 | D:3      | Killed Crazy Yiuf
  3133 | D:3      | Reached skill level 1 in Fighting
  3395 | D:4      | Identified the +10 whip "Arcanum" {flame, rF+++ rCorr Int-2
                  | Dex+3}
  3410 | D:4      | Reached skill level 1 in Ice Magic
  3589 | D:4      | Reached XP level 6. HP: 38/44 MP: 10/10
  3762 | D:4      | Learned a level 3 spell: Dazzling Flash
  3801 | D:4      | Identified the +1 quarterstaff "Ajarueg" {freeze, rElec
                  | Stlth+}
  3811 | D:4      | Reached *** piety under Ashenzari
  4209 | D:5      | Entered Level 5 of the Dungeon
  4232 | D:5      | Gained mutation: Your flesh is cold resistant. (rC+)
                  | [potion of mutation]
  4232 | D:5      | Gained mutation: You are dopey. (Int -2) [potion of
                  | mutation]
  4232 | D:5      | Gained mutation: You are very dopey. (Int -4) [potion of
                  | mutation]
  4232 | D:5      | Gained mutation: Your spells are a little harder to cast,
                  | but a little more powerful. [potion of mutation]
  4346 | D:5      | Found a glowing silver altar of Zin.
  4363 | D:5      | Noticed a black bear
  4369 | D:5      | Killed a black bear
  4370 | D:5      | Reached XP level 7. HP: 51/51 MP: 12/12
  4478 | D:5      | Reached skill level 1 in Staves
  4478 | D:5      | Reached skill level 1 in Translocations
  4518 | D:5      | Noticed Blork the orc
  4529 | D:5      | Killed Blork the orc
  4530 | D:5      | Reached skill level 1 in Throwing
  4530 | D:5      | Reached skill level 1 in Fire Magic
  4530 | D:5      | Reached skill level 1 in Alchemy
  4881 | D:5      | Reached skill level 1 in Shapeshifting
  4881 | D:5      | Reached XP level 8. HP: 52/57 MP: 14/14
  4939 | D:5      | Reached skill level 1 in Maces & Flails
  4939 | D:5      | Reached skill level 1 in Conjurations
  4939 | D:5      | Reached skill level 1 in Air Magic
  4939 | D:5      | Reached skill level 1 in Earth Magic
  4963 | D:5      | Reached skill level 1 in Evocations
  5067 | D:5      | Learned a level 4 spell: Ignite Poison
  5216 | D:5      | Found a staircase to the Ecumenical Temple.
  5306 | D:6      | Noticed Maggie
  5318 | D:6      | Killed Maggie
  5425 | D:6      | Found a glowing golden altar of the Shining One.
  5556 | D:6      | Found a sacrificial altar of Ru.
  5564 | D:6      | Reached XP level 9. HP: 63/63 MP: 15/15
  5673 | D:6      | Noticed Grinder
  5682 | D:6      | Killed Grinder
  5704 | D:6      | Noticed a manticore
  5715 | D:6      | Slain by a manticore

Illustrated notes

Levels and vault maps discovered:
D:1:      grunt_arrival_lava_bath, layout_basic, chequers_big_river,
          minmay_tripent
D:2:      layout_basic, ebering_ecumenical_altar_webs
D:3:      layout_basic, chequers_serial_rivers_micro_b,
          hangedman_abyss_or_decor_stabs, uniq_crazy_yiuf_cottage
D:4:      layout_loops_corners, minmay_lizard_king
D:5:      layout_basic, zin_statuary, minmay_temple_entry_poolview,
          uniq_blork_the_orc
D:6:      layout_basic, nicolae_ru_great_annihilating_truth, lemuel_tele_altar,
          uniq_grinder, uniq_maggie

Skill      XL: |  1  2  3  4  5  6  7  8  9 |
---------------+----------------------------+-----
Armour         | 1 2 |  2.7
Long Blades    | 1 2 3 |  3.5
Fighting       | 1 2 |  2.2
Ice Magic      | 1 2 |  2.4
Stealth        | 4 |  4.5
Staves         | 1 |  1.7
Translocations | 1 |  1.8
Throwing       | 1 2 3 |  3.1
Hexes          | 4 |  4.3
Fire Magic     | 1 |  1.8
Alchemy        | 1 2 |  2.3
Short Blades   | 2 |  2.4
Shapeshifting  | 1 |  1.8
Maces & Flails | 1 2 |  2.2
Conjurations   | 1 |  1.7
Air Magic      | 1 |  1.5
Earth Magic    | 1 |  1.9
Evocations     | 1 |  1.6
Dodging        | 3 |  3.2
Spellcasting   | 3 |  3.0

Action                     |  1- 3 |  4- 6 |  7- 9 || total
---------------------------+-------+-------+-------++-------
  Melee: Dagger            |    65 |       |       ||    65
         Punch             |     1 |     3 |     1 ||     5
         Double sword      |    24 |    85 |       ||   109
         Whip              |       |    17 |    78 ||    95
  Throw: Boomerang         |       |    14 |    60 ||    74
   Cast: Ensorcelled Hiber |     8 |     3 |       ||    11
         Tukima's Dance    |       |     6 |     3 ||     9
 Invoke: Curse Item        |     1 |     4 |       ||     5
    Use: Scroll            |     9 |     3 |     2 ||    14
         Potion            |       |     1 |     2 ||     3
   Stab: Sleeping          |     9 |     9 |       ||    18
         Distracted        |       |     1 |       ||     1
 Armour: Robe              |    39 |    70 |    69 ||   178
  Dodge: Dodged            |    53 |    93 |    55 ||   201
